 Dungeon Crawl Stone Soup version 0.31-a0-430-gf8416d752b (webtiles) character file.

Game seed: 4685576275515062912

154 Digitaldip the Chopper (level 5, -2/70 HPs)
             Began as a Hill Orc Berserker on July 31, 2023.
             Was a Follower of Trog.
             Slain by Pikel
             ... wielding a +1 whip of freezing
              (8 damage)
             ... on level 4 of the Dungeon.
             The game lasted 00:31:07 (4708 turns).

Digitaldip the Chopper (Hill Orc Berserker)         Turns: 4708, Time: 00:31:08

Health: -2/70      AC:  5    Str: 22      XL:     5   Next: 36%
Magic:  5/5        EV: 11    Int:  6 (7)  God:    Trog [*.....]
Gold:   159        SH:  0    Dex:  9 (10) Spells: 4/4 levels left

rFire   . . .        a - +0 hand axe
rCold   . . .        (no shield)
rNeg    . . .        o - +0 ring mail
rPois   .            (no helmet)
rElec   .            (no cloak)
rCorr   .            (no gloves)
SInv    .            (no boots)
Will    ++...        (no amulet) Stlth
                     m - ring of flight
HPRegen 1.31/turn    (no ring)
MPRegen 0.09/turn

%: no passive effects
@: berserking, strong-willed (expiring), flying, regenerating (expiring), very
quick
A: no striking features
a: Renounce Religion, Berserk


You were on level 4 of the Dungeon.
You worshipped Trog.
Trog was aware of your devotion.
You visited 1 branch of the dungeon, and saw 4 of its levels.

You collected 159 gold pieces.

Inventory:

Hand Weapons
 a - a +0 hand axe (weapon)
 c - a +0 dagger
 g - a +0 dagger
 h - a +0 short sword
 k - a +0 hand axe
 r - a +0 rapier
 s - a +0 club
 t - a +0 dagger
 u - a +0 club
 v - a +0 short sword
 x - a +0 club
 y - a +0 short sword
 A - a +4 sling
 B - a +0 hand axe
 G - a +0 whip
 H - a +0 long sword
Missiles
 i - 35 stones
 C - 2 boomerangs
Armour
 b - a +0 animal skin
 e - a +0 leather armour
 o - a +0 ring mail (worn)
 p - a +0 ring mail
Jewellery
 m - a ring of flight (left hand)
Wands
 E - a wand of roots (2)
Scrolls
 l - 2 scrolls of identify {unknown}
 n - 2 scrolls of blinking {unknown}
 w - a scroll of enchant weapon {unknown}
 D - a scroll of fear {unknown}
 J - a scroll of noise {unknown}
Potions
 d - a potion of degeneration
 f - a potion of enlightenment {unknown}
 j - a potion of invisibility {unknown}
 q - a potion of heal wounds {unknown}
 z - a potion of cancellation {unknown}
 F - a potion of mutation {unknown}
 I - 2 potions of might {unknown}
 K - a potion of curing {unknown}


   Skills:
 + Level 4.7 Fighting
 + Level 5.9 Axes
 + Level 3.2 Armour
 + Level 2.0 Dodging
 + Level 0.3 Stealth


You had 4 spell levels left.
You didn't know any spells.
Your spell library was empty.

Dungeon Overview and Level Annotations

Branches:
Dungeon (4/15)
 Temple: D:4-7

Altars:
Uskayaw
The Shining One

Annotations:
D:4 Pikel


Message History

Pikel hits you with a +1 whip of freezing.
Pikel freezes you. The lemure hits you.
You barely miss Pikel.
Pikel is lightly wounded.
You closely miss the lemure. Pikel barely misses you. The lemure hits you.
You hit Pikel but do no damage.
Pikel is lightly wounded.
You hit the lemure but do no damage. Pikel closely misses you.
The lemure barely misses you.
You closely miss Pikel.
Pikel is lightly wounded.
You barely miss the lemure.
Pikel hits you with a +1 whip of freezing.
Pikel freezes you.
* * * LOW HITPOINT WARNING * * *
The lemure hits you.
* * * LOW HITPOINT WARNING * * *
A red film seems to cover your vision as you go berserk!
You feel yourself moving faster!
You feel mighty!
Pikel hits you with a +1 whip of freezing.
* * * LOW HITPOINT WARNING * * *
Pikel freezes you.
* * * LOW HITPOINT WARNING * * *
The lemure hits you.
* * * LOW HITPOINT WARNING * * *
You closely miss Pikel.
Pikel is lightly wounded.
You closely miss the lemure.
Pikel hits you with a +1 whip of freezing.
* * * LOW HITPOINT WARNING * * *
Pikel freezes you.
* * * LOW HITPOINT WARNING * * *
The lemure hits you but does no damage.
You feel the effects of Trog's Hand fading.
You completely miss Pikel.
Pikel is lightly wounded.
You slash Pikel!
Pikel is moderately wounded.
Pikel hits you with a +1 whip of freezing!
You die...

#.........# #.####.##.#
#.# #.##.# #####.#
#.##.# #.....# #.##.#
#.########.##.#
#..........##.#
...##################.##
......5K@!.............#
>##...5#################
#..... #..... #.....
#..... #..... #.....


You could see Pikel and 2 lemures.

Vanquished Creatures
  Natasha (thrice) (D:2)
  2 adders (D:2)
  2 worms (D:2)
  2 dart slugs
  4 orcs (D:3)
  A ball python (D:2)
  3 endoplasms
  4 giant cockroaches
  5 goblins
  3 hobgoblins
  2 jackals (D:1)
  5 kobolds
  2 quokkas
  3 bats (D:2)
  3 frilled lizards
  6 rats
50 creatures vanquished.

Notes
Turn   | Place    | Note
-------+----------+-------------------------------------------
     0 | D:1      | Digitaldip the Hill Orc Berserker began the quest for the
                  | Orb.
     0 | D:1      | Reached XP level 1. HP: 19/19 MP: 1/1
   138 | D:1      | Reached XP level 2. HP: 20/27 MP: 2/2
   909 | D:1      | Found a faded altar of an unknown god.
  1376 | D:1      | Reached XP level 3. HP: 30/33 MP: 3/3
  2022 | D:2      | Noticed Natasha
  2029 | D:2      | Reached skill level 5 in Axes
  2036 | D:2      | Killed Natasha
  2037 | D:2      | Reached XP level 4. HP: 16/41 MP: 4/4
  2171 | D:2      | Noticed Natasha
  2185 | D:2      | Killed Natasha
  2363 | D:2      | Noticed Natasha
  2369 | D:2      | Killed Natasha
  2370 | D:2      | Reached XP level 5. HP: 47/47 MP: 5/5
  2822 | D:2      | Reached ** piety under Trog
  3175 | D:3      | Found a transporter.
  3185 | D:3      | Found a transporter.
  4012 | D:3      | Found a hide-covered altar of Uskayaw.
  4398 | D:3      | Found a glowing golden altar of the Shining One.
  4690 | D:4      | Noticed Pikel
  4690 | D:4      | Noticed a lemure
  4691 | D:4      | Noticed a lemure
  4692 | D:4      | Noticed a lemure
  4692 | D:4      | Noticed a lemure
  4708 | D:4      | Slain by Pikel

Illustrated notes

Levels and vault maps discovered:
D:1:      ncdulo_halloftheorcs, layout_loops_corners,
          shapermc_ecumenical_altar_mp_vishouse
D:2:      layout_basic, roderic_roman_lattice, uniq_natasha
D:3:      gammafunk_wand_slinger, layout_basic,
          mainiacjoe_overflow_tiny_flanked, nicolae_tso_swordbearing_angel,
          gup_sewer_entry_bowl
D:4:      layout_basic, mainiacjoe_overflow_brackets, minmay_temple_entry_ruins,
          uniq_pikel

Skill      XL: |  1  2  3  4  5 |
---------------+----------------+-----
Fighting       | 4 |  4.7
Axes           | 5 |  5.9
Armour         | 3 |  3.2
Dodging        | 2 |  2.0
Stealth        | |  0.3

Action                     |  1- 3 |  4- 6 || total
---------------------------+-------+-------++-------
  Melee: Hand axe          |    58 |    69 ||   127
         Punch             |       |     1 ||     1
   Fire: Sling             |       |     7 ||     7
 Invoke: Berserk           |     2 |     6 ||     8
         Trog's Hand       |       |     1 ||     1
    Use: Scroll            |     1 |       ||     1
         Potion            |       |     1 ||     1
 Armour: Animal skin       |     2 |       ||     2
         Ring mail         |     5 |    14 ||    19
  Dodge: Dodged            |    31 |    35 ||    66

Table legend: (Time is in decaauts)
 A = Elapsed time spent in this place.
 B = Non-inter-level travel time spent in this place.
 C = Inter-level travel time spent in this place.
 D = Time resting spent in this place.
 E = Time spent auto-exploring this place.
 F = Levels seen in this place.
 G = Mean time per level.
                   A        B        C        D        E       F      G
               +--------+--------+--------+--------+--------+-----+--------+
         Total |   4786 |   4786 |      0 |   1217 |   1066 |   4 | 1196.5 |
       Dungeon |   4786 |   4786 |      0 |   1217 |   1066 |   4 | 1196.5 |
               +--------+--------+--------+--------+--------+-----+--------+

Top non-repeatable levels by time:
     D:1: 1672 daAuts
     D:2: 1517 daAuts
     D:3: 1506 daAuts
     D:4: 90 daAuts
